 Dungeon Crawl Stone Soup version 0.32-a0-814-g0968bab981 (webtiles) character file.

Game seed: 15230793538851640947

1591 Essalna the Magician (level 8, 0/46 HPs)
             Began as a Deep Elf Fire Elementalist on Mar 22, 2024.
             Killed from afar by Joseph (12 damage)
             ... with an iceblast
             ... on level 7 of the Dungeon.
             The game lasted 00:12:53 (7634 turns).

Essalna the Magician (Deep Elf Fire Elementalist)   Turns: 7634, Time: 00:12:53

Health: 0/46       AC:  8    Str:  5    XL:     8   Next: 61%
Magic:  11/20      EV: 11    Int: 23    God:
Gold:   172        SH:  5    Dex: 15    Spells: 13/20 levels left

rFire   + . .        j - +2 short sword (speed)
rCold   x . .        u - +0 buckler
rNeg    . . .        a - +0 robe
rPois   +            E - +0 helmet
rElec   .            o - +2 cloak {rCorr}
rCorr   +            v - +1 pair of gloves
SInv    .            (no boots)
Will    .....        (no amulet)
Stlth   +++          p - ring of poison resistance
HPRegen 0.27/turn    n - ring of fire
MPRegen 0.17/turn

%: no passive effects
@: no status effects
A: no striking features
a: no special abilities


You were on level 7 of the Dungeon.
You visited 2 branches of the dungeon, and saw 8 of its levels.
You also visited: Ossuary.

You collected 352 gold pieces.
You spent 180 gold pieces at shops.

Inventory:

Hand Weapons
 c - a +0 short sword
 j - a +2 short sword of speed (weapon)
Armour
 a - a +0 robe (worn)
 o - a +2 cloak of preservation (worn)
 u - a +0 buckler (worn)
 v - a +1 pair of gloves (worn)
 E - a +0 helmet (worn)
Jewellery
 i - a ring of resist corrosion
 m - a ring of see invisible
 n - a ring of fire (right hand)
 p - a ring of poison resistance (left hand)
Wands
 e - a wand of acid (5)
 x - a wand of paralysis (9)
 y - a wand of mindburst (3)
Scrolls
 g - a scroll of revelation
 l - a scroll of torment {unknown}
 s - a scroll of enchant weapon {unknown}
 t - 3 scrolls of identify {unknown}
 w - a scroll of enchant armour {unknown}
 z - 3 scrolls of teleportation
 A - a scroll of blinking {unknown}
 B - a scroll of fear {unknown}
 D - a scroll of noise {unknown}
Potions
 b - a potion of magic
 d - 5 potions of curing {unknown}
 f - a potion of brilliance {unknown}
 h - a potion of lignification {unknown}
 k - 4 potions of heal wounds {unknown}
 q - a potion of cancellation {unknown}
 r - a potion of berserk rage {unknown}
 C - 2 potions of might {unknown}


   Skills:
 + Level 3.1 Fighting
 - Level 4.0 Dodging
 - Level 4.2 Stealth
 + Level 3.2 Shields
 + Level 6.8 Spellcasting
 + Level 5.3 Conjurations
 + Level 6.2 Fire Magic


You had 13 spell levels left.
You knew the following spells:

 Your Spells              Type           Power      Damage    Failure   Level
a - Foxfire               Conj/Fire      100%       2x1d9     1%          1
b - Scorch                Fire           100%       2d9       1%          2
c - Flame Wave            Conj/Fire      51%        2d13      12%         4

Your spell library contained the following spells:

 Spells                   Type           Power      Damage    Failure   Level
 Inner Flame              Hex/Fire       33%        N/A       11%         3
 Volatile Blastmotes      Fire/Tloc      66%        2d15      11%         3
 Sandblast                Erth           14%        2d6       14%         1
 Stone Arrow              Conj/Erth      40%        3d9       14%         3
 Call Imp                 Summ           14%        N/A       21%         2
 Sublimation of Blood     Necr           7%         N/A       21%         2
 Brom's Barrelling Bould  Conj/Erth      20%        2d4       41%         4
 Animate Dead             Necr           7%         N/A       80%         4
 Haunt                    Necr/Summ      3%         N/A       100%        7
 Summon Hydra             Summ           3%         N/A       100%        7
 Infestation              Necr           3%         N/A       100%        8
 Chain Lightning          Conj/Air       10%        3d13      100%        9
 Fire Storm               Conj/Fire      25%        8d7       100%        9
 Shatter                  Erth           3%         3d7*      100%        9


Dungeon Overview and Level Annotations

Branches:
Dungeon (7/15)             Temple (1/1) D:5         Ossuary (visited)

Altars:
Ashenzari
Cheibriados
Elyvilon
Fedhas
Gozag
Hepliaklqana
Kikubaaqudgha
Nemelex Xobeh
Okawaru
Qazlal
Sif Muna
Uskayaw
Wu Jian
Xom
Yredelemnul
Zin
The Shining One

Shops:
D:4 [

Annotations:
D:7 Joseph


Message History

You feel a surge of power!
A wave of flame ripples out!
The flame wave engulfs your foxfire.
Your foxfire completely resists.
The flame wave engulfs the gnoll!
You kill the gnoll!
The flame wave engulfs your foxfire.
Your foxfire completely resists.
The flame wave engulfs the gnoll.
The gnoll is moderately wounded. (Press . to intensify the flame waves.)
The foxfire hits the gnoll but does no damage.
The gnoll is moderately wounded.
The foxfire hits the gnoll.
The gnoll is heavily wounded.
The gnoll barely misses you.
The gnoll bouda gazes fiercely through you!
You feel your attacks grow feeble.
A wave of flame ripples out!
The flame wave engulfs the gnoll!!
You kill the gnoll!
The flame wave engulfs the gnoll!
You kill the gnoll!
The flame wave engulfs the gnoll bouda!
The gnoll bouda is heavily wounded.
A wave of flame ripples out!
The flame wave engulfs the gnoll bouda!
You kill the gnoll bouda!
You finish channelling waves of flame.
You struggle against the net.
You struggle against the net.
Joseph says, "I'm happy to see you. And I'll be happy to kill you."
Joseph unwields a +0 quarterstaff.
Joseph wields a +0 sling.
Joseph shoots a sling bullet.
The sling bullet hits you!
You shred the net and break free!
Joseph shoots a sling bullet.
The sling bullet hits you!
Your attacks no longer feel as feeble.
Joseph shoots a sling bullet.
The sling bullet hits you!
* * * LOW HITPOINT WARNING * * *
There is a stone staircase leading up, spattered with blood here.
Joseph zaps a wand.
The mass of ice explodes!
The iceblast engulfs you!
You feel a painful chill!
You die...

. .. ...
....
####.....
###.)......
#@..)).....
#..###@.....
#### .....
.... ... ..
.


You could see Joseph.

Vanquished Creatures
  2 ice beasts (D:6)
  A black bear (D:6)
  3 ogres
  A centaur (D:5)
  An elf zombie (Ossuary)
  A gnoll sergeant (D:6)
  A wight (D:6)
  2 bombardier beetles
  2 centaur zombies (Ossuary)
  2 human zombies (Ossuary)
  A hound (D:5)
  3 jellies
  A gnoll bouda (D:7)
  An orc priest (D:5)
  3 iguanas
  An orc wizard (D:5)
  4 hound zombies (Ossuary)
  3 mummies
  5 adders
  4 gnolls (D:7)
  5 adder zombies (Ossuary)
  3 dart slugs
  11 orcs
  9 ball pythons
  9 endoplasms
  4 giant cockroaches
  13 goblins
  6 hobgoblins
  5 jackals
  6 quokkas
  7 bats
  3 frilled lizards
  6 gnoll zombies (Ossuary)
  A hobgoblin zombie (D:6)
  2 jackal zombies (Ossuary)
  10 kobolds
  8 kobold zombies
  8 orc zombies (Ossuary)
  9 rats
167 creatures vanquished.

Vanquished Creatures (collateral kills)
  2 foxfires (D:6)
2 creatures vanquished.

Vanquished Creatures (others)
  745 foxfires
745 creatures vanquished.

Grand Total: 914 creatures vanquished

Notes
Turn   | Place    | Note
-------+----------+-------------------------------------------
     0 | D:1      | Essalna the Deep Elf Fire Elementalist began the quest for
                  | the Orb.
     0 | D:1      | Reached XP level 1. HP: 10/10 MP: 6/6
   361 | D:1      | Reached XP level 2. HP: 11/15 MP: 5/8
   810 | D:1      | Reached XP level 3. HP: 19/19 MP: 4/9
  2381 | D:3      | Reached XP level 4. HP: 24/24 MP: 6/11
  2623 | D:3      | Found a hide-covered altar of Uskayaw.
  2996 | D:3      | Learned a level 2 spell: Scorch
  3636 | D:4      | Learned a level 4 spell: Flame Wave
  3684 | D:4      | Noticed an ogre
  3692 | D:4      | Killed an ogre
  3693 | D:4      | Reached XP level 5. HP: 28/28 MP: 5/13
  4327 | D:4      | Found Ileil's Antique Armour Shoppe.
  4336 | D:4      | Bought a pair of runed gloves for 180 gold pieces
  4490 | D:5      | Entered Level 5 of the Dungeon
  4539 | D:5      | Reached XP level 6. HP: 32/32 MP: 9/14
  4715 | D:5      | Found a staircase to the Ecumenical Temple.
  4735 | Temple   | Entered the Ecumenical Temple
  5072 | D:5      | Reached skill level 1 in Fighting
  5072 | D:5      | Reached skill level 1 in Shields
  5241 | D:5      | Reached skill level 5 in Spellcasting
  5355 | D:5      | Reached XP level 7. HP: 38/38 MP: 16/16
  5614 | D:6      | Reached skill level 5 in Fire Magic
  5732 | D:6      | Found a glowing silver altar of Zin.
  5744 | D:6      | Found a sand-covered staircase.
  5755 | Ossuary  | Entered an ossuary
  6741 | D:6      | Reached XP level 8. HP: 37/45 MP: 9/19
  7097 | D:6      | Found a stormy altar of Qazlal.
  7198 | D:6      | Reached skill level 5 in Conjurations
  7623 | D:7      | Noticed Joseph
  7634 | D:7      | Killed from afar by Joseph

Illustrated notes

Levels and vault maps discovered:
D:1:      lemuel_arrival_behind_the_door_small, layout_basic
D:2:      layout_basic
D:3:      layout_basic, nicolae_uskayaw_murder_on_the_dancefloor
D:4:      minmay_chambers_of_threes, layout_rooms, serial_shops, shop
D:5:      layout_basic, minmay_temple_entry_junction_2
D:6:      layout_cave_pools, kennysheep_little_box, amcnicky_altar_gilded,
          serial_park, serial_park_paths [serial_park_minivault_5x5_2],
          serial_park_square3 [serial_park_minivault_5x5_8], serial_park_tiny_1,
          serial_park_tiny_2, nicolae_ossuary_entry_giza,
          minmay_stone_trees_small, hangedman_decor_growths
D:7:      layout_cave_pods, nicolae_stop_n_shop_1, uniq_joseph
Temple:   nicolae_temple_two_arcs

Skill      XL: |  1  2  3  4  5  6  7  8 |
---------------+-------------------------+-----
Stealth        | 3 4 |  4.2
Dodging        | 3 4 |  4.0
Conjurations   | 2 3 4 5 |  5.3
Spellcasting   | 4 5 6 |  6.8
Fire Magic     | 4 5 6 |  6.2
Fighting       | 1 2 3 |  3.1
Shields        | 1 2 3 |  3.2

Action                     |  1- 3 |  4- 6 |  7- 9 || total
---------------------------+-------+-------+-------++-------
  Melee: Short sword       |    23 |    15 |     1 ||    39
   Cast: Foxfire           |   116 |   149 |   164 ||   429
         Scorch            |       |     2 |    21 ||    23
         Flame Wave        |       |       |     3 ||     3
    Use: Scroll            |       |       |     3 ||     3
         Potion            |       |       |     1 ||     1
   Stab: Sleeping          |       |     1 |       ||     1
 Armour: Robe              |    21 |     6 |    92 ||   119
  Dodge: Dodged            |    27 |    18 |    57 ||   102
  Block: Buckler           |       |     3 |    13 ||    16

Table legend: (Time is in decaauts)
 A = Elapsed time spent in this place.
 B = Non-inter-level travel time spent in this place.
 C = Inter-level travel time spent in this place.
 D = Time resting spent in this place.
 E = Time spent auto-exploring this place.
 F = Levels seen in this place.
 G = Mean time per level.
                   A        B        C        D        E       F      G
               +--------+--------+--------+--------+--------+-----+--------+
         Total |   7625 |   7323 |    302 |     71 |   6215 |   9 |  847.2 |
       Dungeon |   6562 |   6260 |    302 |      0 |   5471 |   7 |  937.4 |
        Temple |     82 |     82 |      0 |      0 |     74 |   1 |   82.0 |
       Ossuary |    980 |    980 |      0 |     71 |    670 |   1 |  980.0 |
               +--------+--------+--------+--------+--------+-----+--------+

Top non-repeatable levels by time:
     D:1: 1228 daAuts
     D:3: 1206 daAuts
     D:4: 1143 daAuts
     D:6: 1040 daAuts
     D:5: 1022 daAuts
 Ossuary: 980 daAuts
     D:2: 905 daAuts
  Temple: 82 daAuts
     D:7: 15 daAuts
